 Dungeon Crawl Stone Soup version bcrawl-1.27.1d (webtiles) character file.

Game seed: 12990174813691128980

179285 Banto the Spark (level 6, -3/51 HPs)
             Began as a Demigod Wanderer on July 17, 2020.
             Slain by a bullfrog zombie (4 damage)
             ... while paralysed
             ... on level 4 of the Dungeon.
             The game lasted 00:04:43 (3014 turns).

Banto the Spark (Demigod Wanderer)                  Turns: 3014, Time: 00:04:44

Health: -3/51      AC:  8    Str: 18    XL:     6   Next: 22%
Magic:  12/12      EV:  2    Int: 19    God:    Demigod [*.....]
Gold:   312        SH:  0    Dex: 15    Spells: 9/9 levels left

rFire    . . .     SeeInvis .   j - +1 short sword
rCold    . . .     Gourm    .   (no shield)
rNeg     . . .     Faith    .   h - +0 scale mail
rPois    +         Spirit   .   k - +0 helmet
rElec    .         Reflect  .   (no cloak)
rCorr    .         Harm     .   (no gloves)
MR       .....                  (no boots)
Stlth    ..........             (no amulet)
HPRegen  0.17/turn              d - ring of poison resistance
MPRegen  0.13/turn              (no ring)

@: paralysed, fainting
A: high mp 1
a: Temporal Distortion


You were on level 4 of the Dungeon.
You worshipped Demigod.
Demigod was aware of your devotion.
You were fainting.

You visited 1 branch of the dungeon, and saw 4 of its levels.

You collected 312 gold pieces.

Inventory:

Hand Weapons
 j - a +1 short sword (weapon)
Missiles
 q - 76 poisoned tomahawks (quivered)
Armour
 h - a +0 scale mail (worn)
 k - a +0 helmet (worn)
Jewellery
 d - a ring of poison resistance (left hand)
Wands
 f - a wand of paralysis (15)
Scrolls
 a - 2 scrolls of fear
 o - a scroll of amnesia
 p - 2 scrolls of remove curse
Potions
 b - a potion of brilliance {unknown}
 c - 2 potions of heal wounds
 g - a potion of haste
 i - a potion of mutation {unknown}
 l - a potion of ambrosia
 m - 2 potions of might
 n - 4 potions of curing
 s - a potion of resistance
Comestibles
 e - 9 rations {!d}


   Skills:
 + Level 3.1 Fighting
   Level 1.0 Crossbows
 + Level 3.2 Armour
 - Level 0.5 Dodging
   Level 1.0 Shields
 - Level 2.1 Spellcasting
   Level 2.6 Ice Magic
 + Level 4.2 Invocations
 - Level 1.0 Evocations


You had 9 spell levels left.
You didn't know any spells.
Your spell library contained the following spells:

 Spells                   Type           Power        Failure   Level  Hunger
 Freeze                   Ice            ##....       17%         1    None
 Throw Frost              Conj/Ice       #.....       17%         2    ##.....
 Summon Small Mammal      Summ           #...         45%         1    None
 Call Imp                 Summ           #.....       61%         2    ##.....
 Ozocubu's Armour         Chrm/Ice       #.......     65%         3    ####...
 Call Canine Familiar     Summ           #.......     83%         3    ####...
 Ice Form                 Ice/Tmut       #.......     96%         4    ######.
 Summon Ice Beast         Ice/Summ       #.......     96%         4    ######.
 Throw Icicle             Conj/Ice       #.......     96%         4    ######.
 Summon Lightning Spire   Summ/Air       #.......     100%        5    #######


Dungeon Overview and Level Annotations

Branches:
Dungeon (4/12)
 Temple: D:4-7

Annotations:
D:2 Sigmund


Innate Abilities, Weirdness & Mutations

You have an increased reservoir of magic. (+10% MP)


Message History

The bullfrog zombie hits you but does no damage.
The bullfrog zombie hits you. The orc hits you but does no damage.
The bullfrog zombie hits you but does no damage.
The bullfrog zombie hits you.
* * * LOW HITPOINT WARNING * * *
The orc hits you with a +0 flail.
* * * LOW HITPOINT WARNING * * *
The bullfrog zombie hits you but does no damage.
The bullfrog zombie hits you.
* * * LOW HITPOINT WARNING * * *
The orc hits you but does no damage.
The bullfrog zombie hits you but does no damage.
The orc hits you but does no damage.
The bullfrog zombie hits you but does no damage.
The bullfrog zombie hits you but does no damage.
The orc hits you with a +0 flail.
* * * LOW HITPOINT WARNING * * *
The bullfrog zombie hits you.
You die...
Your divinity fades.

..# .##....# ...# ...
.#.....# .........#. .
......## .......#...###.
.......##
............#.###........
........#.....##........>
.#.<....#.........?.....#
.....##........o#Z#....##
........(.......@## ...#
........#.##......#. ....
#......##.##.........##..
...............#.#..## .
...........#....##..#
....#...(......## .##
...###.........# #
#...#.#..........
...............###


You could see an orc and a bullfrog zombie.

Vanquished Creatures
  An ogre (D:4)
  A crimson imp (D:4)
  A hound (D:4)
  An orc wizard (D:3)
  A worker ant (D:4)
  A hound skeleton (D:4)
  Robin (D:2)
  An adder (D:4)
  An adder skeleton (D:4)
  3 dart slugs
  A leopard gecko (D:1)
  8 orcs
  2 bats
  3 giant cockroaches
  13 goblins
  13 hobgoblins
  3 kobolds
  3 quokkas
  A ball python (D:1)
  A rat (D:1)
60 creatures vanquished.

Vanquished Creatures (others)
  A human (D:3)
1 creature vanquished.

Grand Total: 61 creatures vanquished

Notes
Turn   | Place    | Note
-------+----------+-------------------------------------------
     0 | D:1      | Banto the Demigod Wanderer began the quest for the Orb.
     0 | D:1      | Banto set off with the following items: a +0 club, a +0
                  | robe, a ration {!d}, a wand of paralysis (15); and the
                  | following spells available to memorise: Freeze, Throw
                  | Frost, Summon Small Mammal, Call Imp, Ozocubu's Armour,
                  | Call Canine Familiar, Ice Form, Summon Ice Beast, Throw
                  | Icicle, Summon Lightning Spire
     0 | D:1      | Reached XP level 1. HP: 16/16 MP: 5/5
   403 | D:1      | Reached XP level 2. HP: 23/23 MP: 5/7
   811 | D:2      | Reached skill level 1 in Invocations
   951 | D:2      | Reached XP level 3. HP: 23/28 MP: 8/8
   965 | D:2      | Noticed Sigmund
  1162 | D:2      | Noticed Robin
  1422 | D:2      | Killed Robin
  1422 | D:2      | Reached skill level 2 in Invocations
  1432 | D:2      | Reached * piety under Demigod
  1680 | D:3      | Reached XP level 4. HP: 36/36 MP: 9/9
  1789 | D:3      | Found a corrupted altar of Lugonu.
  1931 | D:3      | Found a shadowy altar of Dithmenos.
  2179 | D:3      | Found an ancient bone altar of Kikubaaqudgha.
  2184 | D:3      | Noticed a human
  2185 | D:3      | Killed a human
  2717 | D:4      | Reached skill level 3 in Invocations
  2717 | D:4      | Reached XP level 5. HP: 37/42 MP: 11/11
  2922 | D:4      | Noticed an ogre
  2958 | D:4      | Killed an ogre
  2958 | D:4      | Reached skill level 4 in Invocations
  2958 | D:4      | Reached XP level 6. HP: 34/51 MP: 12/12
  3003 | D:4      | Paralysed by fainting for 12 turns
  3013 | D:4      | HP: 1/51 [orc/+0 flail (5)]
  3014 | D:4      | Slain by a bullfrog zombie

Skill      XL: |  1  2  3  4  5 |
---------------+----------------+-----
Spellcasting   | 2 |  2.1
Invocations    | 1 2 3 4 |  4.2
Armour         | 2 3 |  3.2
Fighting       | 2 3 |  3.1
Crossbows      | |  1.0
Dodging        | |  0.5
Shields        | |  1.0
Ice Magic      | |  2.6
Evocations     | |  1.0

Action                   |  1- 3 |  4- 6 || total
-------------------------+-------+-------++-------
Melee: Club              |    25 |       ||    25
       Short sword       |   137 |   143 ||   280
Throw: Tomahawk          |       |    14 ||    14
  Use: Scroll            |     8 |     5 ||    13
  Eat: Chunk             |     7 |     6 ||    13
Armor: Robe              |     3 |       ||     3
       Scale mail        |    64 |    85 ||   149
Dodge: Dodged            |    82 |    58 ||   140
